 Dungeon Crawl Stone Soup version 0.17-a0-1181-gabc46e6 (webtiles) character file.

10665 fred741 the Nimble (level 11, -1/97 HPs)
             Began as a Yellow Draconian Berserker on May 29, 2015.
             Was a Priest of Trog.
             Slain by a gargoyle
             ... wielding a +0 mace
              (8 damage)
             ... in a labyrinth on June 1, 2015.
             The game lasted 02:08:20 (14996 turns).

fred741 the Nimble (Yellow Draconian Berserker)    Turns: 14996, Time: 02:08:20

Health: -1/97      AC:  9    Str: 23    XL:     11   Next: 39%
Magic:  0/11       EV: 16    Int:  8    God:    Trog [***...]
Gold:   503        SH:  0    Dex: 10    Spells: 0 memorised, 10 levels left

rFire  + . .     SeeInvis .     d - +1 hand axe (drain)
rCold  x . .     Clarity  .     (armour unavailable)
rNeg   + . .     SustAt   .     (no shield)
rPois  .         Gourm    .     O - +1 hat
rElec  .         Spirit   +     (no cloak)
rCorr  +         Warding  .     (no gloves)
rMut   .         Stasis   .     Q - +0 pair of boots
MR     ++...                    e - amulet of guardian spirit
Stlth  +++.......               X - ring of positive energy
                                L - ring of fire

@: short of breath, regenerating, very resistant to hostile enchantments, fairly
stealthy
A: spit acid, acid resistance, unfitting armour, cold-blooded, AC +7
a: Spit Acid, Burn Spellbooks, Berserk, Trog's Hand, Renounce Religion


You were in a labyrinth.
You worshipped Trog.
Trog was most pleased with you.
You were not hungry.

You visited 3 branches of the dungeon, and saw 11 of its levels.
You also visited: Labyrinth and Sewer.

You collected 503 gold pieces.

Inventory:

Hand weapons
 d - a +1 hand axe of draining (weapon)
 f - a +3 flail of crushing
 m - a cursed -2 dagger
 x - a +1 dagger of protection
 K - a +2 long sword of holy wrath
 Z - a +1 dagger of speed
Missiles
 h - 69 arrows
 n - 23 bolts of frost
 o - 50 poisoned needles
 u - 11 tomahawks (quivered)
 w - 4 arrows of frost
 M - 72 bolts
 P - 3 silver javelins
Armour
 O - a +1 hat (worn)
 Q - a +0 pair of boots (worn)
Jewellery
 e - an amulet of guardian spirit (around neck)
 L - a ring of fire (left hand)
 N - a +3 ring of intelligence
 X - a ring of positive energy (right hand)
Magical devices
 y - a wand of draining (10)
 z - a wand of fire (8)
 C - a wand of confusion (31)
 G - a wand of confusion (15)
 J - a wand of digging (2)
Scrolls
 a - 2 scrolls of identify
 c - a scroll of blinking
 q - 5 scrolls of teleportation
 t - 2 scrolls of fear
 B - a scroll of magic mapping
 E - a scroll of enchant weapon
 H - 7 scrolls of remove curse
 U - 2 scrolls of enchant armour
Potions
 g - a potion of cancellation
 i - a potion of cure mutation
 p - 2 potions of haste
 r - a potion of might
 s - a potion of magic
 A - a potion of ambrosia {unknown}
 F - a potion of invisibility
 I - 2 potions of agility
 V - 2 potions of berserk rage
 W - a potion of flight
Books
 v - a book of Frost

   Spells                             Type                      Level
   a - Freeze                         Ice                          1
   b - Throw Frost                    Conjuration/Ice              2
   c - Ozocubu's Armour               Charms/Ice                   3
   d - Throw Icicle                   Conjuration/Ice              4
   e - Summon Ice Beast               Ice/Summoning                4
   f - Condensation Shield            Ice                          4
   Trog disapproves of the use of such an item.
Miscellaneous
 l - a plain deck of wonders
Comestibles
 b - 2 bread rations
 j - 4 meat rations
 S - 7 beef jerkies


   Skills:
 + Level 9.3 Fighting
 + Level 8.7(9.2) Axes
   Level 4.1(6.9) Polearms
 + Level 11.2 Dodging
 + Level 6.0 Stealth
 + Level 0.2 Evocations


You had 10 spell levels left.
You didn't know any spells.

Dungeon Overview and Level Annotations

Branches:
Dungeon (8/15)             Temple (1/1) D:4            Lair (2/8) D:8

Altars:
Ashenzari
Cheibriados
Dithmenos
Elyvilon
Fedhas
Gozag
Kikubaaqudgha
Makhleb
Nemelex Xobeh
Okawaru
Qazlal
Ru
Sif Muna
Trog
Vehumet
Xom
Yredelemnul
Zin
The Shining One

Shops:
D:4 (*   D:7 *(   D:8 }


Innate Abilities, Weirdness & Mutations

You can spit globs of acid.
You are resistant to acid.
Your golden yellow scales are hard (AC +7).
Your body does not fit into most forms of armour.
You are cold-blooded and may be slowed by cold attacks.


Message History

The gargoyle hurls a stone arrow at you.
The stone arrow hits you!
* * * LOW HITPOINT WARNING * * *
Your resistance to elements expires.
You start resting.
A gargoyle is nearby!
Use which ability? (? or * to list)
Press: ? - help, Shift-Dir - straight line, f - gargoyle
Aim: a gargoyle, wielding a mace (severely damaged)
You spit a glob of acid.
The acid misses the gargoyle.
You feel somewhat more hungry.
Use which ability? (? or * to list)
Your skin crawls.
You feel resistant to hostile enchantments.
You feel slightly more hungry. The gargoyle misses you.
Unknown command.
You barely miss the gargoyle.
The gargoyle is severely damaged.
The gargoyle hits you with a mace!
You die...

#.. #
#.#.▓ #
# # #
#)#. ▓ .
# ...
.)... ▓
#
#.###..
###.▓ .
..
.#.....▓
# .#.#
#9##▓ #
# ..
...▓ ###
#.##▓
#.#@▓
#.#9▓
#...▓
###.▓
..▓ .##▓
. ▓▓


You could see a gargoyle.

Vanquished Creatures
  A hydra (Lair:1)
  A black mamba (Lair:1)
  3 spiny frogs (Lair:1)
  2 gargoyles (Lab)
  A komodo dragon (Lair:2)
  Grinder (D:6)
  3 blink frogs (Lair:1)
  2 trapdoor spiders (Lab)
  Sigmund (D:3)
  A basilisk (Lair:1)
  A yak (D:7)
  4 hungry ghosts (Lab)
  4 water moccasins
  3 porcupines (Lair:1)
  2 orc warriors (D:6)
  4 phantoms
  2 black bears
  An ice beast (D:7)
  2 centaurs
  2 ogres (D:7)
  5 crocodiles
  Blork the orc (D:4)
  9 giant frogs
  2 scorpions
  A killer bee (D:7)
  3 wights (D:7)
  3 crimson imps
  A jelly (D:7)
  5 orc wizards
  2 giant frog skeletons
  A centaur skeleton (D:7)
  8 iguanas
  4 hounds
  6 orc priests
  Terence (D:2)
  9 worker ants
  8 sheep
  A hound skeleton (D:7)
  10 adders
  23 river rats
  4 shadow imps
  2 oozes
  2 worms
  7 giant geckos
  16 orcs
  3 ball pythons
  21 bats
  4 goblins
  11 hobgoblins
  4 quokkas
  5 giant cockroaches
  A giant gecko skeleton (D:5)
  12 giant newts
  10 jackals
  A jackal skeleton (D:5)
  12 kobolds
  2 quokka skeletons (D:4)
  A quokka zombie (D:5)
  20 rats
  A fungus (Lair:1)
  29 plants
312 creatures vanquished.

Vanquished Creatures (collateral kills)
  A komodo dragon (D:8)
  7 blink frogs (Lair:1)
  A human (D:7)
  A hippogriff (Lair:1)
  A phantom (D:7)
  An ice beast (D:7)
  4 killer bees (D:7)
  5 wights (D:7)
  A giant frog zombie (D:7)
  An orc priest (D:7)
  An orc wizard (D:6)
  2 sheep (D:7)
  2 river rats (Lair:1)
  2 orcs
  A bat (D:7)
  A hobgoblin (D:6)
  2 jackals (D:7)
34 creatures vanquished.

Vanquished Creatures (others)
  An ogre (Lair:1)
  A black bear (Lair:1)
  6 plants
8 creatures vanquished.

Grand Total: 354 creatures vanquished

Notes
Turn   | Place    | Note
--------------------------------------------------------------
     0 | D:1      | fred741 the Draconian Berserker began the quest for the Orb.
     0 | D:1      | Reached XP level 1. HP: 19/19 MP: 1/1
   117 | D:1      | Reached XP level 2. HP: 26/26 MP: 2/2
   576 | D:2      | Acquired Trog's second power
   597 | D:2      | Noticed Terence
   607 | D:2      | Killed Terence
   607 | D:2      | Reached XP level 3. HP: 17/33 MP: 1/3
   956 | D:2      | Reached skill level 4 in Fighting
  1305 | D:2      | Reached XP level 4. HP: 38/40 MP: 4/4
  1880 | D:3      | Found a shattered altar of Ashenzari.
  1953 | D:3      | Noticed Sigmund
  1961 | D:3      | Killed Sigmund
  1961 | D:3      | Reached skill level 1 in Axes
  1961 | D:3      | Reached skill level 1 in Stealth
  1961 | D:3      | Reached XP level 5. HP: 47/47 MP: 5/5
  2180 | D:3      | Found a glowing drain.
  2186 | Sewer    | Entered a sewer
  2229 | Sewer    | Reached XP level 6. HP: 36/53 MP: 6/6
  2709 | Sewer    | Noticed aves's ghost (experienced VSFi)
  3264 | D:4      | Noticed Blork the orc
  3280 | D:4      | Killed Blork the orc
  3359 | D:4      | Reached skill level 5 in Dodging
  3609 | D:4      | Found a blossoming altar of Fedhas.
  3674 | D:4      | Your scales start taking on a golden yellow colour.
  3674 | D:4      | Reached XP level 7. HP: 52/60 MP: 7/7
  3768 | D:4      | Found a staircase to the Ecumenical Temple.
  4075 | D:4      | Found Izifodof's Antique Weapon Emporium.
  4095 | D:4      | Found a snail-covered altar of Cheibriados.
  4143 | D:4      | Found Zin's Purification Station.
  4152 | D:4      | Found a glowing silver altar of Zin.
  4394 | D:4      | Reached skill level 5 in Fighting
  5242 | Temple   | Entered the Ecumenical Temple
  5361 | D:5      | Entered Level 5 of the Dungeon
  5414 | D:5      | Reached skill level 6 in Dodging
  5420 | D:5      | Reached XP level 8. HP: 69/69 MP: 8/8
  5435 | D:5      | Acquired Trog's third power
  6354 | D:6      | Noticed Grinder
  6424 | D:6      | Killed Grinder
  6698 | D:6      | Reached skill level 7 in Dodging
  6793 | D:6      | Reached skill level 5 in Axes
  7025 | D:6      | Found a deep blue altar of Sif Muna.
  7138 | D:6      | Reached XP level 9. HP: 78/78 MP: 7/9
  7865 | D:7      | Reached skill level 8 in Dodging
  8175 | D:7      | Found an iron altar of Okawaru.
  8358 | D:7      | Received a gift from Trog
  8438 | D:7      | Found a sacrificial altar of Ru.
  8629 | D:7      | Found Ylyntum's Serpentskin Sales.
  8635 | D:7      | Reached skill level 9 in Dodging
  8794 | D:7      | Found Vyvvam's Antique Weapon Boutique.
  9299 | D:7      | Upgraded the game from 0.17-a0-1168-gbda161f to 0.17-a0-1181-gabc46e6
  9403 | D:8      | Reached XP level 10. HP: 69/86 MP: 10/10
  9515 | D:8      | Found Guemog's Gadget Shop.
  9810 | D:8      | Found a staircase to the Lair.
  9811 | D:8      | Noticed a komodo dragon
  9836 | D:8      | Killed a komodo dragon
  9836 | D:8      | Reached skill level 5 in Stealth
 10096 | D:8      | Found a radiant altar of Vehumet.
 10168 | Lair:1   | Entered Level 1 of the Lair of Beasts
 10675 | Lair:1   | Noticed an eight-headed hydra
 10711 | Lair:1   | Killed a nine-headed hydra
 10837 | Lair:1   | Reached skill level 10 in Dodging
 11069 | Lair:1   | Noticed a black mamba
 11100 | Lair:1   | Killed a black mamba
 11100 | Lair:1   | Received a gift from Trog
 12204 | Lair:1   | Reached XP level 11. HP: 92/95 MP: 11/11
 13572 | Lair:2   | Reached skill level 11 in Dodging
 13707 | Lair:2   | Found a labyrinth entrance.
 13784 | Lab      | Entered a labyrinth
 14972 | Lab      | HP: 2/97 [gargoyle/stone arrow (14)]
 14977 | Lab      | HP: 1/97 [gargoyle/stone arrow (3)]
 14996 | Lab      | Slain by a gargoyle

Vault maps used:
D:1:      lightli_arrival_statuegarden, minmay_misc_feat_doors
D:2:      uniq_terence
D:3:      lightli_sewer_entry_pipes, first_bread, ashenzari_altar_1,
          uniq_sigmund
D:4:      kennysheep_little_box, zin_purify, nicolae_overflow_hidden_temple,
          minmay_temple_entry_overgrown, serial_shops,
          nicolae_shop_behind_doors, uniq_blork_the_orc
D:5:      minmay_statues_item, minivault_26
D:6:      kennysheep_orc_sif_temple, uniq_grinder
D:7:      nicolae_ru_sacrificial_ziggurat, lemuel_crystal_altar, serial_shops,
          kennysheep_mini_moat, grunt_livestock, kennysheep_crisscross,
          minmay_splitting_lines, guppyfry_shop_venom
D:8:      overflow_temple_1_default, david_lair_shrubbed, serial_shops, shop
Temple:   circular_temple_13
Lair:1:   wad_woods_structure_01, infiniplex_staircase_pool
Lair:2:   lab_entry_generic
Lab:      labyrinth_watery, nicolae_lab_x, nicolae_lab_garden,
          labyrinth_skeletal_remains, nicolae_lab_dead_end
Sewer:    sewer_co_cracked_pipes

Action                   |  1- 3 |  4- 6 |  7- 9 | 10-12 || total
-------------------------+-------+-------+-------+-------++-------
Melee: Spear             |    19 |       |       |       ||    19
       Hand axe          |    66 |   163 |   434 |   962 ||  1625
Invok: Berserk           |       |     3 |    18 |    11 ||    32
       Trog's Hand       |       |     1 |     2 |     7 ||    10
       Brothers in Arms  |       |       |     5 |     5 ||    10
       Burn Spellbooks   |       |       |     1 |     1 ||     2
 Abil: Spit Acid         |       |       |    12 |     7 ||    19
Evoke: Wand              |       |       |       |     2 ||     2
  Use: Scroll            |     6 |     7 |    10 |     3 ||    26
       Potion            |       |       |       |     8 ||     8
 Stab: Sleeping          |       |     5 |     9 |     6 ||    20
       Distracted        |       |       |     1 |       ||     1
  Eat: Bread ration      |     1 |       |     2 |     2 ||     5
       Chunk             |       |     7 |    26 |     7 ||    40
       Fruit             |       |       |     5 |     5 ||    10
       Pizza             |       |       |     1 |     7 ||     8
       Meat ration       |       |       |       |     2 ||     2
